 Dungeon Crawl Stone Soup version 0.30-a0-596-g0af90f9a20 (webtiles) character file.

Game seed: 18429133619846936400

6343 bande the Cleaver (level 10, -25/63 HPs)
             Began as a Gargoyle Fighter on Jan 7, 2023.
             Was an Elder of Okawaru.
             Annihilated by a white ugly thing (29 damage)
             ... on level 8 of the Dungeon.
             The game lasted 00:17:07 (9256 turns).

bande the Cleaver (Gargoyle Fighter)                Turns: 9256, Time: 00:17:09

Health: -25/63     AC: 25    Str: 18    XL:     10   Next: 96%
Magic:  13/13      EV:  5    Int:  9    God:    Okawaru [****..]
Gold:   450        SH:  5    Dex: 13    Spells: 9/9 levels left

rFire   + . .      SeeInvis .    j - +6 broad axe of Uncertain Death {venom, Fly rF+ Str-2}
rCold   . . .      Faith    .    c - +0 buckler
rNeg    + . .      Spirit   .    h - +0 plate armour
rPois   ∞          Reflect  .    p - +0 helmet
rElec   +          Harm     .    z - +0 cloak
rCorr   .          Rampage  .    D - +1 pair of gloves
Will    .....                    (no boots) Stlth
                                 (no amulet)
HPRegen 0.30/turn                (no ring)
MPRegen 0.13/turn                (no ring)

@: flying
A: sickness immunity, AC +7, negative energy resistance 1, electricity
resistance, torment resistance 1, petrification resistance, mutation resistance
1
a: Renounce Religion, Heroism, Finesse


You were on level 8 of the Dungeon.
You worshipped Okawaru.
Okawaru was greatly pleased with you.
You visited 2 branches of the dungeon, and saw 10 of its levels.
You also visited: Ossuary.

You collected 450 gold pieces.

Inventory:

Hand Weapons
 j - the +6 broad axe of Uncertain Death (weapon) {venom, Fly rF+ Str-2}
   (You acquired it on level 5 of the Dungeon)

   Str:       It affects your strength (-2).
   rF:        It protects you from fire.
   Fly:       It grants you flight.
 t - a +0 flail
 G - a +2 war axe of freezing
Missiles
 m - a throwing net (quivered)
Armour
 c - a +0 buckler (worn)
 h - a +0 plate armour (worn)
 p - a +0 helmet (worn)
 z - a +0 cloak (worn)
 D - a +1 pair of gloves (worn)
Jewellery
 o - a +6 ring of intelligence
 J - a ring of positive energy
Wands
 a - a wand of mindburst (3)
 s - a wand of digging (14)
 E - a wand of iceblast (9)
 F - a wand of paralysis (6)
Scrolls
 n - 3 scrolls of poison
 q - 3 scrolls of magic mapping
 u - a scroll of blinking
 w - 3 scrolls of identify
 x - a scroll of silence
 y - a scroll of teleportation
 A - a scroll of brand weapon
 C - 2 scrolls of enchant armour
 H - a scroll of amnesia
Potions
 b - 3 potions of mutation
 d - 3 potions of might
 e - 3 potions of heal wounds
 f - a potion of cancellation {unknown}
 g - 4 potions of ambrosia {unknown}
 i - a potion of magic {unknown}
 k - 4 potions of curing {unknown}
 l - a potion of haste {unknown}
 r - a potion of resistance {unknown}
 v - a potion of berserk rage {unknown}
 B - 4 potions of brilliance {unknown}
 I - a potion of flight {unknown}


   Skills:
 + Level 7.3 Fighting
 + Level 10.5 Axes
 + Level 7.4 Armour
 + Level 5.4 Shields
 * Level 4.8 Invocations
 * Level 4.5 Evocations


You had 9 spell levels left.
You didn't know any spells.
Your spell library contained the following spells:

 Spells                   Type           Power      Damage    Failure   Level
 Gell's Gravitas          Tloc           0%         N/A       100%        3
 Inner Flame              Hex/Fire       0%         N/A       100%        3
 Mephitic Cloud           Conj/Pois/Air  0%         N/A       100%        3
 Swiftness                Air            0%         N/A       100%        3
 Teleport Other           Tloc           0%         N/A       100%        3
 Anguish                  Hex/Necr       0%         N/A       100%        4
 Cause Fear               Hex            0%         N/A       100%        4
 Arcjolt                  Conj/Air       0%         1d10      100%        5
 Dispersal                Tloc           0%         N/A       100%        6
 Enfeeble                 Hex            0%         N/A       100%        7
 Storm Form               Tmut/Air       0%         N/A       100%        7
 Discord                  Hex            0%         N/A       100%        8
 Animate Dead             Necr           Unusable   N/A       N/A         4
 Haunt                    Necr/Summ      Unusable   N/A       N/A         7
 Infestation              Necr           Unusable   N/A       N/A         8

Dungeon Overview and Level Annotations

Branches:
Dungeon (9/15)             Temple (1/1) D:7            Lair (0/5) D:9
Ossuary (visited)
    Orc: D:9-12

Altars:
Ashenzari
Cheibriados
Dithmenos
Elyvilon
Fedhas
Gozag
Hepliaklqana
Kikubaaqudgha
Makhleb
Okawaru
Qazlal
Ru
Sif Muna
Trog
Vehumet
Wu Jian
Yredelemnul
Zin
The Shining One

Shops:
D:7 ?

Annotations:
D:6 3 runed translucent doors, DSscumlord's ghost, novice DsCj; DeadOnArrival's ghost, novice DECj; billz999's ghost, novice DjIE
D:9 4 runed translucent doors, exclusion: statue


Innate Abilities, Weirdness & Mutations

You are immune to sickness and miasma.
Your stone body is resilient. (AC +7)
You are immune to poison.
You resist negative energy. (rN+)
You are resistant to electric shocks. (rElec)
You are resistant to unholy torment.
You are immune to petrification.
You are somewhat resistant to further mutation.


Message History

The cyan ugly thing basks in the mutagenic energy from its kin and changes!
You are too injured to fight recklessly!
You are too injured to fight recklessly!
You are too injured to fight recklessly!
You are too injured to fight recklessly!
You are too injured to fight recklessly!
You are too injured to fight recklessly!
You are too injured to fight recklessly!
You are too injured to fight recklessly!
You slash the white ugly thing!
The white ugly thing is moderately wounded.
You hit the cyan ugly thing.
The cyan ugly thing looks as sick as possible!
The cyan ugly thing kicks you! The cyan ugly thing shocks you. You resist.
You closely miss the white ugly thing.
The white ugly thing is moderately wounded.
You slash the cyan ugly thing!
The cyan ugly thing looks as sick as possible!
The cyan ugly thing kicks you.
* * * LOW HITPOINT WARNING * * *
The cyan ugly thing shocks you. You resist.
* * * LOW HITPOINT WARNING * * *
You block the white ugly thing's attack.
The cyan ugly thing kicks you but does no damage.
You slash the white ugly thing!
The white ugly thing is heavily wounded.
You slash the cyan ugly thing!
The white ugly thing engulfs you but does no damage.
The cyan ugly thing kicks you but does no damage.
You hit the white ugly thing but do no damage.
The white ugly thing looks even sicker.
The white ugly thing is heavily wounded.
You hit the cyan ugly thing.
The cyan ugly thing looks as sick as possible!
You kill the cyan ugly thing!
Okawaru is honoured by your kill. The white ugly thing engulfs you!
* * * LOW HITPOINT WARNING * * *
The white ugly thing freezes you!!
You die...

#### #... #.## #.#
##.## #.... #..##
##############...#
#@†.............<.
#u######.#...#.###
#.## #.#.#.#.#..
#..# #.#.#.#.#.#
##.# #.#.#.#.#.#
#.## #.#.#.#.#.#
#..# #.#.#.#.#..
##.# #.#.#.#.###
#.####.#.#.#....


You could see a white ugly thing (very poisoned).

Vanquished Creatures
  A two-headed ogre (D:9)
  2 ugly things (D:8)
  Maggie (D:7)
  A shadow (D:9)
  6 yaks (D:9)
  2 steam dragons
  5 water moccasins (D:9)
  An orc warrior (D:8)
  2 sky beasts
  2 ice beasts
  5 black bears
  3 ogres
  A centaur (D:9)
  5 kobold brigands
  2 phantoms
  3 elf zombies (Ossuary)
  2 bullfrogs
  A gnoll sergeant (D:8)
  4 scorpions
  2 howler monkeys
  4 human zombies (Ossuary)
  5 centaur zombies (Ossuary)
  2 hounds
  2 jellies
  2 orc priests
  Jessica (D:2)
  Ijyb (D:5)
  An iguana (D:7)
  4 orc wizards
  3 mummies (Ossuary)
  Robin (D:3)
  3 gnolls (D:8)
  6 adders
  A white imp (D:7)
  A worm (D:2)
  3 dart slugs
  24 orcs
  6 endoplasms
  3 giant cockroaches
  19 goblins
  7 hobgoblins
  4 jackals (D:3)
  2 quokkas
  9 ball pythons
  5 bats (D:1)
  3 frilled lizards
  29 kobolds
  6 rats
208 creatures vanquished.

Vanquished Creatures (others)
  38 fungi (D:9)
  36 plants (D:9)
74 creatures vanquished.

Grand Total: 282 creatures vanquished

Notes
Turn   | Place    | Note
-------+----------+-------------------------------------------
     0 | D:1      | bande the Gargoyle Fighter began the quest for the Orb.
     0 | D:1      | Reached XP level 1. HP: 14/14 MP: 1/1
   190 | D:1      | Reached XP level 2. HP: 19/19 MP: 2/2
   498 | D:1      | Reached skill level 2 in Axes
   886 | D:2      | Reached XP level 3. HP: 11/23 MP: 3/3
  1391 | D:2      | Noticed Jessica
  1396 | D:2      | Killed Jessica
  1397 | D:2      | Reached XP level 4. HP: 29/29 MP: 4/4
  1585 | D:2      | Reached skill level 3 in Axes
  1722 | D:3      | Found a basalt altar of Yredelemnul.
  1784 | D:3      | Noticed Robin
  1797 | D:3      | Killed Robin
  1798 | D:3      | Reached XP level 5. HP: 28/33 MP: 5/5
  3062 | D:4      | You fall into a shaft and drop 2 floors!
  3081 | D:6      | Reached skill level 4 in Axes
  3081 | D:6      | Reached XP level 6. HP: 24/38 MP: 6/6
  3123 | D:6      | Noticed a black bear
  3142 | D:6      | Killed a black bear
  3248 | D:6      | Found a stormy altar of Qazlal.
  3264 | D:6      | Gained mutation: You are somewhat resistant to further
                  | mutation. [potion of mutation]
  3349 | D:6      | Found a sacrificial altar of Ru.
  3363 | D:5      | Entered Level 5 of the Dungeon
  3367 | D:5      | Reached skill level 5 in Axes
  3367 | D:5      | Reached XP level 7. HP: 31/44 MP: 7/7
  3430 | D:5      | Reached skill level 5 in Armour
  3584 | D:5      | Found a sand-covered staircase.
  3597 | Ossuary  | Entered an ossuary
  3809 | Ossuary  | Reached skill level 6 in Axes
  3810 | Ossuary  | Reached skill level 5 in Fighting
  3810 | Ossuary  | Reached XP level 8. HP: 29/49 MP: 8/8
  4351 | D:5      | Identified a scroll of acquirement
  4351 | D:5      | Acquired the +6 broad axe of Uncertain Death {venom, Fly
                  | rF+ Str-2}
  4365 | D:5      | Noticed Ijyb
  4372 | D:5      | Killed Ijyb
  4395 | D:5      | Reached skill level 7 in Axes
  4658 | D:5      | Got Sif Muna's Tractate on the Brume
  4811 | D:5      | Reached skill level 1 in Evocations
  5207 | D:6      | Identified the +6 scale mail of the Worm {Harm}
  5423 | D:6      | Reached XP level 9. HP: 55/55 MP: 9/9
  5566 | D:6      | Found a runed translucent gate.
  5567 | D:6      | Found a runed translucent gate.
  5567 | D:6      | Found a runed translucent gate.
  5568 | D:6      | Noticed billz999's ghost (novice DjIE)
  5568 | D:6      | Noticed DSscumlord's ghost (novice DsCj)
  5568 | D:6      | Noticed DeadOnArrival's ghost (novice DECj)
  5642 | D:7      | Found a staircase to the Ecumenical Temple.
  5652 | Temple   | Entered the Ecumenical Temple
  5679 | Temple   | Became a worshipper of Warmaster Okawaru
  5935 | D:7      | Reached skill level 8 in Axes
  5958 | D:7      | Reached skill level 1 in Invocations
  6064 | D:7      | Found Huratz's Magic Scroll Shop.
  6153 | D:7      | Reached * piety under Okawaru
  6154 | D:7      | Reached skill level 5 in Shields
  6681 | D:7      | Noticed Maggie
  6695 | D:7      | Killed Maggie
  7331 | D:8      | Reached ** piety under Okawaru
  7332 | D:8      | Reached skill level 9 in Axes
  7606 | D:8      | Reached XP level 10. HP: 61/61 MP: 12/12
  7945 | D:9      | Reached *** piety under Okawaru
  8401 | D:9      | Noticed a two-headed ogre
  8410 | D:9      | Killed a two-headed ogre
  8411 | D:9      | Reached skill level 10 in Axes
  8419 | D:9      | Found a staircase to the Lair.
  8668 | D:9      | Found a runed translucent gate.
  8668 | D:9      | Found a runed translucent gate.
  8668 | D:9      | Found a runed translucent gate.
  8668 | D:9      | Noticed a torpor snail
  8669 | D:9      | Noticed a brown ugly thing
  8669 | D:9      | Noticed a brown ugly thing
  8669 | D:9      | Noticed a purple ugly thing
  8669 | D:9      | a torpor snail changed into a floating eye
  8672 | D:9      | a floating eye changed into an elephant
  8672 | D:9      | Noticed an elephant (glowing shapeshifter)
  8674 | D:9      | an elephant changed into a swamp worm
  8756 | D:9      | Found a runed translucent door.
  8774 | D:9      | Found a runed translucent door.
  8826 | D:9      | Found a runed translucent door.
  8853 | D:9      | Found a runed translucent door.
  8893 | D:9      | Found a radiant altar of Vehumet.
  9082 | D:9      | Noticed a glowing orange brain
  9094 | D:9      | Noticed a manticore
  9096 | D:9      | a manticore changed into a deep troll
  9096 | D:9      | Noticed a deep troll (glowing shapeshifter)
  9097 | D:9      | a deep troll changed into a death drake
  9097 | D:9      | Noticed a death drake (glowing shapeshifter)
  9109 | D:8      | Killed a green ugly thing
  9109 | D:8      | Reached **** piety under Okawaru
  9256 | D:8      | Killed a cyan ugly thing
  9256 | D:8      | Annihilated by a white ugly thing

Illustrated notes

Levels and vault maps discovered:
D:1:      lightli_iron_boxes, layout_loops_ring
D:2:      layout_basic, uniq_jessica
D:3:      layout_basic, nicolae_overflow_crystal_walls, uniq_robin
D:4:      layout_basic
D:5:      layout_gridville, nicolae_ossuary_entry_monument, minmay_fountain_box,
          uniq_ijyb
D:6:      layout_rooms, mainiacjoe_overflow_tiny_flanked, old_standard_altar,
          gammafunk_ghost_cemetery, lemuel_flamethrower_2
D:7:      layout_gridville, minmay_temple_entry_junction, serial_shops,
          shop_scrolls, uniq_maggie
D:8:      layout_basic, serial_curves, eino_curves_03, eino_curves_02
D:9:      layout_cave_pools, vehumet_statue, due_lair_maze_entry_diamond,
          ploomutoo_gammafunk_ghost_potion_laboratory,
          minmay_misc_feat_four_crosses, minmay_statue_crystal_thing
Temple:   hellmonk_temple_of_storms

Skill      XL: |  1  2  3  4  5  6  7  8  9 10 |
---------------+-------------------------------+-----
Axes           | 2 3 4 5 6 7 9 10 | 10.5
Armour         | 4 5 6 7 |  7.4
Fighting       | 4 5 6 7 |  7.3
Shields        | 4 5 |  5.4
Evocations     | 1 3 4 |  4.5
Invocations    | 3 4 |  4.8

Action                   |  1- 3 |  4- 6 |  7- 9 | 10-12 || total
-------------------------+-------+-------+-------+-------++-------
Melee: War axe           |   115 |   164 |    93 |       ||   372
       Broad axe         |       |       |   136 |    87 ||   223
  Use: Scroll            |     4 |    10 |     5 |       ||    19
       Potion            |       |     1 |       |     1 ||     2
Armor: Scale mail        |    15 |       |       |       ||    15
       Plate armour      |    75 |   169 |   237 |   101 ||   582
Dodge: Dodged            |    33 |    45 |    65 |    32 ||   175
Block: Buckler           |    21 |    35 |    61 |    27 ||   144

Table legend: (Time is in decaauts)
 A = Elapsed time spent in this place.
 B = Non-inter-level travel time spent in this place.
 C = Inter-level travel time spent in this place.
 D = Time resting spent in this place.
 E = Time spent auto-exploring this place.
 F = Levels seen in this place.
 G = Mean time per level.
                   A        B        C        D        E       F      G
               +--------+--------+--------+--------+--------+-----+--------+
         Total |   9441 |   9229 |    212 |   2281 |   5099 |  11 |  858.3 |
       Dungeon |   8633 |   8421 |    212 |   1709 |   5028 |   9 |  959.2 |
        Temple |     51 |     51 |      0 |      0 |     12 |   1 |   51.0 |
       Ossuary |    756 |    756 |      0 |    572 |     59 |   1 |  756.0 |
               +--------+--------+--------+--------+--------+-----+--------+

Top non-repeatable levels by time:
     D:7: 1441 daAuts
     D:8: 1195 daAuts
     D:5: 1034 daAuts
     D:9: 1002 daAuts
     D:4: 900 daAuts
     D:1: 874 daAuts
     D:2: 856 daAuts
 Ossuary: 756 daAuts
     D:6: 724 daAuts
     D:3: 602 daAuts
  Temple: 51 daAuts
